 Dungeon Crawl Stone Soup version 0.29-a0-330-g52719c12eb (webtiles) character file.

Game seed: 4278585525507872074

323 Leszczynek the Skirmisher (level 6, -9/60 (78) HPs)
             Began as a Human Gladiator on Apr 15, 2022.
             Was an Initiate of Sif Muna.
             Mangled by Maggie
             ... wielding a +1 glaive of draining
              (12 damage)
             ... on level 7 of the Dungeon.
             The game lasted 00:14:08 (2188 turns).

Leszczynek the Skirmisher (Human Gladiator)         Turns: 2188, Time: 00:14:09

HP:   -9/60 (78)    AC: 23    Str: 14    XL:     6   Next: 77%
MP:   6/6           EV:  2    Int: 10    God:    Sif Muna [......]
Gold: 136           SH:  0    Dex: 15    Spells: 5/5 levels left

rFire   + . .      SeeInvis .   a - +0 short sword
rCold   + . .      Faith    .   (no shield)
rNeg    . . .      Spirit   .   (body armour currently unavailable)
rPois   +          Reflect  .   (helmet currently unavailable)
rElec   +          Harm     .   (cloak currently unavailable)
rCorr   +          Rampage  .   (gloves currently unavailable)
Will    .....      NoTele   +   (boots currently unavailable)
Stlth   +.........              (no amulet)
HPRegen 0.20/turn               i - ring of poison resistance
MPRegen 0.10/turn               (no ring)

@: tree-form, resistant, mesmerised, heavily drained
A: stationary, stasis, torment immunity, boosted hp
a: Renounce Religion


You were on level 7 of the Dungeon.
You worshipped Sif Muna.
Sif Muna was noncommittal.
You were a tree.
You visited 2 branches of the dungeon, and saw 7 of its levels.

You collected 136 gold pieces.

Inventory:

Hand Weapons
 a - a +0 short sword (weapon)
 b - a +0 hunting sling
 f - a +0 hand axe
 j - a +0 great mace
Missiles
 c - a throwing net (quivered)
 d - a javelin
 n - 4 poisoned darts
Armour
 g - a +0 ring mail (melded)
 l - a +0 helmet (melded)
 r - a +1 robe of fire resistance
Jewellery
 i - a ring of poison resistance (left branch)
Wands
 v - a wand of digging (6)
Scrolls
 m - a scroll of summoning
 t - a scroll of teleportation
 w - a scroll of enchant weapon {unknown}
Potions
 e - a potion of flight
 o - a potion of attraction
 s - a potion of mutation {!q}
 u - a potion of curing {@q1}


   Skills:
 + Level 5.7 Fighting
 - Level 2.0 Throwing
 - Level 3.1 Dodging
 - Level 3.0 Unarmed Combat
 * Level 2.8 Earth Magic


You had 5 spell levels left.
You didn't know any spells.
Your spell library contained the following spells:

 Spells                   Type           Power      Damage    Failure   Level
 Gell's Gravitas          Tloc           0%         N/A       75%         3
 Lesser Beckoning         Tloc           0%         N/A       75%         3
 Teleport Other           Tloc           0%         N/A       75%         3


Dungeon Overview and Level Annotations

Branches:
Dungeon (5/15)             Temple (1/1) D:4

Altars:
Ashenzari
Cheibriados
Elyvilon
Gozag
Hepliaklqana
Makhleb
Nemelex Xobeh
Okawaru
Ru
Sif Muna
Trog
Vehumet
Wu Jian
Xom
The Shining One

Shops:
D:3 :

Annotations:
D:4 Pikel
D:7 Maggie


Message History

The wyvern bites you!
You feel much better.
The wyvern bites you but does no damage.
You hit Maggie but do no damage.
Maggie is moderately wounded.
The wyvern bites you but does no damage.
Maggie hits you with a +1 glaive of draining!
You feel drained. The wyvern bites you.
You closely miss Maggie.
Maggie is moderately wounded.
The wyvern bites you but does no damage.
Maggie casts a spell at you.
The bolt of fire hits you but does no damage.
You hit Maggie but do no damage.
Maggie is moderately wounded.
The wyvern bites you but does no damage. x2
You hit Maggie but do no damage.
Maggie is moderately wounded.
The wyvern bites you but does no damage.
Maggie hits you but does no damage.
You feel drained.
The wyvern bites you but does no damage.
You barely miss Maggie.
Maggie is moderately wounded.
The wyvern barely misses you. Maggie hits you but does no damage.
You feel drained.
You barely miss Maggie.
Maggie is moderately wounded.
The wyvern bites you. x2
You hit Maggie. You punch Maggie, but do no damage.
Maggie is heavily wounded.
Maggie is no longer moving slowly.
The wyvern bites you!
Maggie hits you with a +1 glaive of draining!
You feel drained.
* * * LOW HITPOINT WARNING * * *
You hit Maggie.
Maggie is heavily wounded.
Maggie looks more healthy.
The wyvern bites you!
* * * LOW HITPOINT WARNING * * *
Maggie hits you with a +1 glaive of draining!
You die...

### #..
#... #...
#...###
#.....#
#...###?#
#l♣...#
###@......
#(..##(
.#.# # .#
.. #


You could see Maggie (mesmerising) and a wyvern.

Vanquished Creatures
  2 scorpions (D:4)
  An orc priest (D:4)
  An iguana (D:3)
  Jessica (D:2)
  Natasha (twice) (D:4)
  An adder (D:3)
  A river rat (D:3)
  A worm (D:2)
  A dart slug (D:3)
  3 orcs (D:4)
  3 endoplasms
  2 giant cockroaches
  6 goblins
  2 hobgoblins
  5 jackals
  4 kobolds
  3 quokkas (D:3)
  8 ball pythons
  2 bats
  A frilled lizard (D:1)
  5 rats
55 creatures vanquished.

Vanquished Creatures (others)
  5 plants (D:4)
5 creatures vanquished.

Grand Total: 60 creatures vanquished

Notes
Turn   | Place    | Note
-------+----------+-------------------------------------------
     0 | D:1      | Leszczynek the Human Gladiator began the quest for the Orb.
     0 | D:1      | Reached XP level 1. HP: 16/16 MP: 1/1
   222 | D:3      | Reached skill level 3 in Fighting
   222 | D:3      | Reached XP level 2. HP: 21/24 MP: 2/2
   323 | D:3      | Reached XP level 3. HP: 22/29 MP: 3/3
   559 | D:2      | Noticed Jessica
   582 | D:2      | Killed Jessica
   583 | D:2      | Reached skill level 4 in Fighting
   583 | D:2      | Reached XP level 4. HP: 19/37 MP: 4/4
   877 | D:4      | Found a staircase to the Ecumenical Temple.
   885 | Temple   | Entered the Ecumenical Temple
  1027 | Temple   | Became a worshipper of Sif Muna the Loreminder
  1079 | D:4      | Noticed Natasha
  1092 | D:4      | Killed Natasha
  1093 | D:4      | Reached skill level 5 in Fighting
  1093 | D:4      | Reached XP level 5. HP: 38/44 MP: 5/5
  1111 | D:4      | Noticed Natasha
  1144 | D:4      | Killed Natasha
  1391 | D:3      | Found Zeez's Book Shop.
  1705 | D:4      | Reached skill level 1 in Earth Magic
  1705 | D:4      | Reached XP level 6. HP: 38/51 MP: 6/6
  1802 | D:4      | Noticed Pikel
  2054 | D:4      | Reached skill level 2 in Earth Magic
  2108 | D:5      | Entered Level 5 of the Dungeon
  2171 | D:4      | You fall into a shaft and drop 3 floors!
  2171 | D:7      | Noticed Maggie
  2171 | D:7      | Noticed a wyvern
  2172 | D:7      | is this fair?
  2188 | D:7      | HP: 3/60 [wyvern (11)]
  2188 | D:7      | Mangled by Maggie

Illustrated notes

### #..
#... #...
#...###
#.....#
#l..###?#
#@....#
###@.....
...## #.#
.# .


Turn 2172 on D:7: is this fair?

Levels and vault maps discovered:
D:1:      matt_arrival_diagonals, layout_loops_corners, serial_shops,
          nicolae_shop_trees
D:2:      layout_basic, minmay_door_square, uniq_jessica
D:3:      layout_loops_ring, serial_shops, shop_statue, portal_sewer_entry_b
D:4:      layout_basic, lemuel_coloured_pillars_altar,
          minmay_temple_entry_gardened_gates, uniq_natasha, uniq_eustachio,
          uniq_pikel
D:5:      layout_loops_ring, kennysheep_generic_room_10, uniq_ijyb
D:7:      layout_rooms, serial_undead, serial_undead_b, serial_undead_a,
          serial_undead_b, serial_undead_b, uniq_duvessa, uniq_maggie
Temple:   mainiacjoe_temple_big_plus

Skill      XL: |  1  2  3  4  5  6 |
---------------+-------------------+-----
Fighting       | 3 4 5 |  5.7
Earth Magic    | 1 2 |  2.8
Throwing       | |  2.0
Dodging        | |  3.1
Unarmed Combat | |  3.0

Action                   |  1- 3 |  4- 6 || total
-------------------------+-------+-------++-------
Melee: Short sword       |    93 |   139 ||   232
       Hand axe          |     4 |       ||     4
       Punch             |     4 |     5 ||     9
       Great mace        |       |     2 ||     2
 Fire: Hunting sling     |    17 |       ||    17
Throw: Throwing net      |     3 |     2 ||     5
       Dart              |     4 |    34 ||    38
       Javelin           |       |     1 ||     1
  Use: Scroll            |       |    10 ||    10
       Potion            |       |     4 ||     4
 Stab: Held in net/web   |       |     2 ||     2
Armor: Ring mail         |    46 |    50 ||    96
       Skin              |       |    22 ||    22
Dodge: Dodged            |    57 |    88 ||   145

Table legend: (Time is in decaauts)
 A = Elapsed time spent in this place.
 B = Non-inter-level travel time spent in this place.
 C = Inter-level travel time spent in this place.
 D = Time resting spent in this place.
 E = Time spent auto-exploring this place.
 F = Levels seen in this place.
 G = Mean time per level.
                   A        B        C        D        E       F      G
               +--------+--------+--------+--------+--------+-----+--------+
         Total |   2230 |   2088 |    142 |      0 |      0 |   7 |  318.6 |
       Dungeon |   2049 |   1944 |    105 |      0 |      0 |   6 |  341.5 |
        Temple |    180 |    143 |     37 |      0 |      0 |   1 |  180.0 |
               +--------+--------+--------+--------+--------+-----+--------+

Top non-repeatable levels by time:
     D:3: 699 daAuts
     D:4: 592 daAuts
     D:2: 530 daAuts
     D:1: 205 daAuts
  Temple: 180 daAuts
     D:7: 17 daAuts
     D:5: 4 daAuts
